cohdb
Replays
Latest Replays
All Replays
Popular Replays
Top Player Replays
Match Explorer
How It Works
Community
CoH3 Stats
Reddit
Sign in to upload your games and track your stats! →
Sign in with Steam
Match 40470311
Unlisted
Match 40470311
Overview
Messages
Build Orders
End
Kettenkrad Recon Vehicle
Construct Infanterie Kompanie
MG 42 Machine Gun Team
Grenadier Squad
Selects Terror Battlegroup
Selects Machine Gun Camouflage
MG 42 Machine Gun Team
Construct Panzergrenadier Kompanie
251 Medium Carrier
Panzergrenadier Squad
Medical Station
Selects Interrogate
Support Elements
Nebelwerfer 42 Rocket Launcher Team
Selects Propaganda Leaflet Drop
我需要重新集结部队
ZeroEres
Vergil
ProjectGemini07
+UnWD+ LT. M
Rubee
0
0
Comments
sign in to comment!
No comments posted yet!